 Dungeon Crawl Stone Soup version 0.31.0-32-g396128a36d (webtiles) character file.

Game seed: 4018387269981257125

3 firemarshallily the Grave Robber (level 1, 0/14 HPs)
             Began as a Ghoul Necromancer on Mar 22, 2024.
             Slain by a jackal (2 damage)
             ... on level 1 of the Dungeon.
             The game lasted 00:01:11 (100 turns).

firemarshallily the Grave Robber (Ghoul Necromancer) Turns: 100, Time: 00:01:11

Health: 0/14       AC:  2    Str: 11    XL:     1   Next: 50%
Magic:  0/3        EV: 12    Int: 14    God:
Gold:   13         SH:  0    Dex:  9    Spells: 2/3 levels left

rFire   . . .        (no weapon)
rCold   + . .        (no shield)
rNeg    + + +        a - +0 robe
rPois   ∞            (no helmet)
rElec   .            (no cloak)
rCorr   .            (no gloves)
SInv    .            (no boots)
Will    .....        (no amulet)
Stlth   ++           (no ring)
HPRegen 0.00/turn    (no ring)
MPRegen 0.08/turn

%: no passive effects
@: inhibited regen
A: claws 1, cold resistance 1, negative energy resistance 3, inhibited
regeneration, torment resistance 2, devour on kill
a: no special abilities


You were on level 1 of the Dungeon.
You visited 1 branch of the dungeon, and saw 1 of its levels.

You collected 13 gold pieces.

Inventory:

Armour
 a - a +0 robe (worn)
Jewellery
 c - a ring of magical power
Scrolls
 d - a scroll of identify {unknown}
Potions
 b - a potion of magic


   Skills:
 + Level 0.2 Fighting
 - Level 1.7 Dodging
 - Level 2.1 Stealth
 * Level 1.9 Spellcasting
 + Level 4.0 Necromancy


You had 2 spell levels left.
You knew the following spells:

 Your Spells              Type           Power      Damage    Failure   Level
a - Necrotise             Necr           48%        1d6       4%          1

Your spell library contained the following spells:

 Spells                   Type           Power      Damage    Failure   Level
 Vampiric Draining        Necr           12%        2d6       14%         3
 Animate Dead             Necr           12%        N/A       41%         4
 Curse of Agony           Necr           12%        N/A       77%         5


Dungeon Overview and Level Annotations

Branches:
Dungeon (1/15)

Altars:


Innate Abilities, Weirdness & Mutations

You are immune to poison.
You have sharp fingernails.
Your flesh is cold resistant. (rC+)
You are immune to negative energy. (rN+++)
You do not regenerate when monsters are visible.
You are immune to unholy pain and torment.
You thrive by killing the living.


Message History

The frilled lizard misses you.
Your jackal skeleton closely misses the goblin.
The jackal bites you.
* * * LOW HITPOINT WARNING * * *
Unknown command.
You miss the frilled lizard.
The frilled lizard bites you but does no damage.
The jackal misses you.
You barely miss the frilled lizard. The frilled lizard barely misses you.
The jackal bites you.
* * * LOW HITPOINT WARNING * * *
Unknown command.
You scratch the frilled lizard but do no damage.
The jackal barely misses you.
The frilled lizard completely misses you.
Your jackal skeleton misses the jackal.
The jackal bites you but does no damage.
Unknown command.
You barely miss the frilled lizard.
Your jackal skeleton barely misses the jackal.
The frilled lizard misses you.
The jackal bites you but does no damage.
Something hits your jackal skeleton.
Your jackal skeleton misses the jackal.
Unknown command.
You closely miss the frilled lizard. The jackal barely misses you.
The frilled lizard bites you but does no damage.
Your jackal skeleton bites the jackal but does no damage.
The jackal bites you but does no damage.
Something hits your jackal skeleton.
Your jackal skeleton is destroyed!
Unknown command.
You scratch the frilled lizard.
You kill the frilled lizard!
You feel better. The jackal bites you.
* * * LOW HITPOINT WARNING * * *
Unknown command.
You scratch the jackal.
The jackal is severely wounded.
The jackal bites you.
You die...

.........# ### .........#
##.. .# ........## ..##
#.. .>......# ...#.#.
.....[..# ###..... .
........# #...# .## ..
........#####.#.##..##...
##.####..................
#...#######.####@#.$#....
##...## #.# #h#.......
##...## ##.####.g....#
##...###....##....#.#
##...#.....##....#
##........#####...
######........'..>#....
............<.#####......
#####.........# ###..


You could see a jackal and a goblin.

Vanquished Creatures
  2 jackals (D:1)
  A frilled lizard (D:1)
3 creatures vanquished.

Notes
Turn   | Place    | Note
-------+----------+-------------------------------------------
     0 | D:1      | firemarshallily the Ghoul Necromancer began the quest for
                  | the Orb.
     0 | D:1      | Reached XP level 1. HP: 14/14 MP: 3/3
   100 | D:1      | Slain by a jackal

Illustrated notes

Levels and vault maps discovered:
D:1:      elethiomel_arrival_shortcut, layout_basic, serial_shops, shop

Action                     || total
---------------------------++-------
  Melee: Unarmed           ||    17
   Cast: Necrotise         ||     4
 Armour: Robe              ||    19
  Dodge: Dodged            ||    16
